 Dungeon Crawl Stone Soup version 0.31.0-9-g3a7656b989 (webtiles) character file.

Game seed: 5177418345857458505

121 MacCMillion the Slasher (level 5, 0/38 HPs)
             Began as a Merfolk Gladiator on Jan 31, 2024.
             Succumbed to a scorpion's poison
             ... on level 2 of the Dungeon.
             The game lasted 00:04:44 (1826 turns).

MacCMillion the Slasher (Merfolk Gladiator)         Turns: 1826, Time: 00:04:45

Health: 0/38       AC:  6    Str: 14      XL:     5   Next: 5%
Magic:  5/5        EV: 12    Int:  5 (8)  God:
Gold:   50         SH:  0    Dex: 15 (17) Spells: 4/4 levels left

rFire   . . .        a - +0 long sword
rCold   . . .        (no shield)
rNeg    . . .        g - +0 ring mail
rPois   .            c - +0 helmet
rElec   .            (no cloak)
rCorr   .            (no gloves)
SInv    .            (no boots)
Will    .....        (no amulet)
Stlth   +            (no ring)
HPRegen 0.26/turn    (no ring)
MPRegen 0.09/turn

%: no passive effects
@: lethally poisoned (0 -> -3), hasted, very quick
A: (nimble swimmer 2), mertail
a: no special abilities


You were on level 2 of the Dungeon.
You visited 1 branch of the dungeon, and saw 2 of its levels.

You collected 50 gold pieces.

Inventory:

Hand Weapons
 a - a +0 long sword (weapon)
Missiles
 d - 3 throwing nets (quivered)
 e - a javelin
Armour
 c - a +0 helmet (worn)
 g - a +0 ring mail (worn)
Scrolls
 f - 3 scrolls of identify {unknown}
 h - a scroll of revelation {unknown}
 i - a scroll of fog {unknown}
 j - a scroll of enchant weapon {unknown}
Potions
 k - a potion of degeneration


   Skills:
 - Level 2.1 Fighting
 + Level 6.7 Long Blades
 - Level 2.0 Throwing
 - Level 4.0 Dodging


You had 4 spell levels left.
You didn't know any spells.
Your spell library contained the following spells:

 Spells                   Type           Power      Damage    Failure   Level
 Ensorcelled Hibernation  Hex/Ice        0%         N/A       86%         2
 Fugue of the Fallen      Necr           0%         N/A       97%         3
 Anguish                  Hex/Necr       0%         N/A       100%        4


Dungeon Overview and Level Annotations

Branches:
Dungeon (2/15)

Altars:

Shops:
D:1 *::


Innate Abilities, Weirdness & Mutations

((You are very nimble when in or above water. (Stealth+, EV+, Speed+++)))
Your lower body shifts to a powerful aquatic tail in water.


Message History

You slash the scorpion!
The scorpion is almost dead.
You feel very sick.
The scorpion stings you but does no damage.
You barely miss the scorpion.
The scorpion is almost dead.
You feel very sick. The scorpion stings you.
It was a potion of haste.
You feel yourself speed up.
* * * LOW HITPOINT WARNING * * *
You feel very sick. The scorpion closely misses you.
It was a potion of degeneration.
There was something very wrong with that liquid.
You feel weakened.
You feel dopey.
You feel clumsy.
* * * LOW HITPOINT WARNING * * *
You feel sick. The scorpion stings you.
* * * LOW HITPOINT WARNING * * *
You slash the scorpion!
You kill the scorpion!
* * * LOW HITPOINT WARNING * * *
You feel sick.
You feel your strength returning.
Your Long Blades skill increases to level 6!
You have reached level 5!
You feel clever.
Unknown command.
Okay, then.
Okay, then.
Okay, then.
There is a lethal amount of poison in your body!
Unknown command.
Unknown command.
* * * LOW HITPOINT WARNING * * *
You feel sick.
Unknown command.
* * * LOW HITPOINT WARNING * * *
You feel sick.
Unknown command.
You die...

...........# #
...........#
...........#
...........
......####
......##
....†..###########
..<.....##.......#
...........# #@#
...........#####.#
......#...>...##†#
......#.#####.##.#
##.#..#.##..#.##.#
...#..#[....#....#
## #..####.......#
.........##..#
####<..........#


There were no monsters in sight!

Vanquished Creatures
  A scorpion (D:2)
  2 adders (D:2)
  3 dart slugs
  A ribbon worm (D:2)
  2 ball pythons (D:1)
  5 bats (D:1)
  4 endoplasms (D:1)
  5 goblins
  5 hobgoblins
  2 kobolds
  A quokka (D:1)
  3 frilled lizards
  6 rats
40 creatures vanquished.

Notes
Turn   | Place    | Note
-------+----------+-------------------------------------------
     0 | D:1      | MacCMillion the Merfolk Gladiator began the quest for the
                  | Orb.
     0 | D:1      | Reached XP level 1. HP: 16/16 MP: 1/1
   174 | D:1      | Reached skill level 4 in Long Blades
   206 | D:1      | Found Jymottu's Book Shop.
   245 | D:1      | Reached XP level 2. HP: 21/22 MP: 2/2
   414 | D:1      | Found Vitwedi's Book Boutique.
   710 | D:1      | Found Cidoef's General Store.
   741 | D:1      | Reached skill level 5 in Long Blades
   741 | D:1      | Reached XP level 3. HP: 27/27 MP: 3/3
  1724 | D:2      | Reached XP level 4. HP: 28/33 MP: 4/4
  1803 | D:2      | Noticed a scorpion
  1822 | D:2      | Killed a scorpion
  1823 | D:2      | Reached skill level 6 in Long Blades
  1823 | D:2      | Reached XP level 5. HP: 2/38 MP: 5/5
  1823 | D:2      | HP: 1/38 [poisoned by a scorpion]
  1826 | D:2      | Succumbed to a scorpion's poison

Illustrated notes

Levels and vault maps discovered:
D:1:      sevenhm_arrival_forest_fort_large_3, layout_basic, serial_shops,
          nicolae_shop_crystal, nicolae_lakefront_shop, nicolae_shop_peninsula
D:2:      kennysheep_the_goblin_king, layout_basic, minmay_tromino_i2

Skill      XL: |  1  2  3  4 |
---------------+-------------+-----
Long Blades    | 4 5 6 |  6.7
Fighting       | |  2.1
Throwing       | |  2.0
Dodging        | |  4.0

Action                     |  1- 3 |  4- 6 || total
---------------------------+-------+-------++-------
  Melee: Long sword        |   104 |    12 ||   116
         Punch             |     2 |     1 ||     3
    Use: Potion            |       |     2 ||     2
 Armour: Leather armour    |     3 |       ||     3
         Ring mail         |    39 |     7 ||    46
  Dodge: Dodged            |    79 |     8 ||    87
